| TOP OF THE 1ST |
|
Kingsport Cherokees batting - Pitching for Blacksburg Tribe : RHP John Asbell
|
|
Pitching: RHP John Asbell
|
|
|
Batting: SHB Renard Brown
|
0-0: Foul Ball, location: 2F 0-1: Ball 1-1: Bunted foul 1-2: Ball 2-2: Ground out 4-3 (Groundball, 4, EV 83.1 MPH)
|
|
Batting: SHB Dewey James
|
0-0: Called Strike 0-1: Ball 1-1: Ball 2-1: Fly out, F5 (Popup, 5SF, EV 63.1 MPH)
|
|
Batting: LHB Peter Camelo
|
0-0: Called Strike 0-1: Ball 1-1: Ball 2-1: Foul Ball, location: 2F 2-2: Strikes out swinging
|
| Top of the 1st over - 0 runs, 0 hits, 0 errors, 0 left on base; Kingsport 0 - Blacksburg 0 |
| BOTTOM OF THE 1ST |
|
Blacksburg Tribe batting - Pitching for Kingsport Cherokees : RHP Jimmy Jones
|
|
Pitching: RHP Jimmy Jones
|
|
|
Batting: RHB Jesus Alcala
|
0-0: Ball 1-0: Swinging Strike 1-1: Swinging Strike 1-2: Strikes out swinging, 2-3 out at first.
|
|
Batting: LHB Butch Kirby
|
0-0: Fly out, F8 (Flyball, 8LD, EV 106.3 MPH)
|
|
Batting: LHB George Cecchetti
|
0-0: Foul Ball, location: 2F 0-1: Ball 1-1: Ball 2-1: Ball 3-1: Foul Ball, location: 2F 3-2: Foul Ball, location: 2F 3-2: Base on Balls
|
|
Batting: RHB Alwin Creel
|
0-0: Ball 1-0: Ball 2-0: Called Strike 2-1: Ball George Cecchetti steals 2nd base 3-1: Fly out, F9 (Flyball, 9D, EV 96.9 MPH)
|
| Bottom of the 1st over - 0 runs, 0 hits, 0 errors, 1 left on base; Kingsport 0 - Blacksburg 0 |
| TOP OF THE 2ND |
|
Kingsport Cherokees batting - Pitching for Blacksburg Tribe : RHP John Asbell
|
|
Batting: RHB Phillip Collins
|
0-0: Ball 1-0: Ball 2-0: Fly out, F8 (Flyball, 89XD, EV 79.4 MPH)
|
|
Batting: RHB Thomas Mohl
|
0-0: DOUBLE (Flyball, 8RXD, EV 103.8 MPH)
|
|
Batting: RHB David Rooker
|
0-0: Swinging Strike 0-1: Ball 1-1: Foul Ball, location: 2F 1-2: Ball 2-2: Fly out, F9 (Flyball, 9LM, EV 85.0 MPH)
|
|
Batting: RHB Kenneth Grant
|
0-0: Called Strike 0-1: Foul Ball, location: 2F 0-2: Ball 1-2: Ball 2-2: Ball 3-2: Foul Ball, location: 2F 3-2: Foul Ball, location: 2F 3-2: Base on Balls
|
|
Batting: RHB Juan Castillo
|
0-0: Ball 1-0: Fly out, F9 (Line Drive, 9, EV 101.9 MPH)
|
| Top of the 2nd over - 0 runs, 1 hit, 0 errors, 2 left on base; Kingsport 0 - Blacksburg 0 |
| BOTTOM OF THE 2ND |
|
Blacksburg Tribe batting - Pitching for Kingsport Cherokees : RHP Jimmy Jones
|
|
Batting: RHB Omar Mora
|
0-0: Called Strike 0-1: DOUBLE (Line Drive, 9LM, EV 101.3 MPH)
|
|
Batting: LHB Jose Infante
|
0-0: Ball Wild Pitch! Omar Mora to third 1-0: Swinging Strike 1-1: Ball 2-1: Ball 3-1: Called Strike 3-2: DOUBLE (Flyball, 8RXD, EV 100.6 MPH) Omar Mora scores
|
|
Batting: SHB Gary Miller-Jones
|
0-0: Swinging Strike 0-1: Ball 1-1: DOUBLE (Flyball, 89D, EV 108.1 MPH) Jose Infante scores
|
|
Batting: RHB Michael Lanum
|
0-0: Called Strike 0-1: Ball 1-1: Ground out 1-3 (Groundball, 13S, EV 65.0 MPH) Gary Miller-Jones to third
|
|
Batting: RHB Angel Rodriguez
|
0-0: Called Strike 0-1: Ball 1-1: Ball 2-1: Ball 3-1: Base on Balls
|
|
Batting: RHB Jesus Alcala
|
0-0: Called Strike Angel Rodriguez steals 2nd base 0-1: Ball 1-1: Foul Ball, location: 2F 1-2: Fly out, F9 (Flyball, 9LS, EV 90.6 MPH)
|
|
Batting: LHB Butch Kirby
|
0-0: Foul Ball, location: 2F 0-1: Ball 1-1: Ground out 5-3 (Groundball, 56, EV 81.3 MPH)
|
| Bottom of the 2nd over - 2 runs, 3 hits, 0 errors, 2 left on base; Kingsport 0 - Blacksburg 2 |
| TOP OF THE 3RD |
|
Kingsport Cherokees batting - Pitching for Blacksburg Tribe : RHP John Asbell
|
|
Batting: RHB Jose Sanchez
|
0-0: Called Strike 0-1: Ball 1-1: Ground out 6-3 (Groundball, 6, EV 85.0 MPH)
|
|
Batting: SHB Renard Brown
|
0-0: Ball 1-0: Ball 2-0: Ball 3-0: Called Strike 3-1: Foul Ball, location: 2F 3-2: Fly out, F7 (Flyball, 7S, EV 77.5 MPH)
|
|
Batting: SHB Dewey James
|
0-0: Ball 1-0: Fly out, F6 (Popup, 6MD, EV 43.1 MPH)
|
| Top of the 3rd over - 0 runs, 0 hits, 0 errors, 0 left on base; Kingsport 0 - Blacksburg 2 |
| BOTTOM OF THE 3RD |
|
Blacksburg Tribe batting - Pitching for Kingsport Cherokees : RHP Jimmy Jones
|
|
Batting: LHB George Cecchetti
|
0-0: Called Strike 0-1: Swinging Strike 0-2: Ball 1-2: Foul Ball, location: 2F 1-2: Fly out, F7 (Flyball, 7D, EV 91.3 MPH)
|
|
Batting: RHB Alwin Creel
|
0-0: Called Strike 0-1: Fly out, F7 (Line Drive, 7, EV 110.6 MPH)
|
|
Batting: RHB Omar Mora
|
0-0: Ball 1-0: Ball 2-0: Foul Ball, location: 2F 2-1: DOUBLE (Line Drive, 78XD, EV 102.5 MPH)
|
|
Batting: LHB Jose Infante
|
0-0: SINGLE (Line Drive, 78M, EV 96.9 MPH) Omar Mora to third Runner from 3rd tries for Home, SAFE, throw by LF to home
|
|
Batting: SHB Gary Miller-Jones
|
0-0: Ball 1-0: Called Strike 1-1: SINGLE (Line Drive, 8RM, EV 103.1 MPH) Jose Infante to second
|
|
Batting: RHB Michael Lanum
|
0-0: Called Strike 0-1: Ball 1-1: Ball 2-1: Foul Ball, location: 2F 2-2: Ball Wild Pitch! Jose Infante to third Gary Miller-Jones to second 3-2: Strikes out swinging
|
| Bottom of the 3rd over - 1 run, 3 hits, 0 errors, 2 left on base; Kingsport 0 - Blacksburg 3 |
| TOP OF THE 4TH |
|
Kingsport Cherokees batting - Pitching for Blacksburg Tribe : RHP John Asbell
|
|
Batting: LHB Peter Camelo
|
0-0: Ball 1-0: Ball 2-0: Called Strike 2-1: Ground out 4-3 (Groundball, 4, EV 80.0 MPH)
|
|
Batting: RHB Phillip Collins
|
0-0: Ground out 6-3 (Groundball, 6, EV 78.1 MPH)
|
|
Batting: RHB Thomas Mohl
|
0-0: Ball 1-0: Fly out, F9 (Flyball, 9S, EV 91.3 MPH)
|
| Top of the 4th over - 0 runs, 0 hits, 0 errors, 0 left on base; Kingsport 0 - Blacksburg 3 |
| BOTTOM OF THE 4TH |
|
Blacksburg Tribe batting - Pitching for Kingsport Cherokees : RHP Jimmy Jones
|
|
Batting: RHB Angel Rodriguez
|
0-0: Ball 1-0: Called Strike 1-1: Foul Ball, location: 2F 1-2: Ball 2-2: SINGLE (Line Drive, 34D, EV 100.0 MPH)
|
|
Batting: RHB Jesus Alcala
|
0-0: Ball 1-0: Grounds into double play, 5-4-3 (Groundball, 56S, EV 82.5 MPH)
|
|
Batting: LHB Butch Kirby
|
0-0: Reached on error, E6 (Groundball, 6M, EV 97.5 MPH)
|
|
Batting: LHB George Cecchetti
|
0-0: Called Strike 0-1: Ball 1-1: Ball Butch Kirby is caught stealing 2nd base 2-6
|
| Bottom of the 4th over - 0 runs, 1 hit, 1 error, 0 left on base; Kingsport 0 - Blacksburg 3 |
| TOP OF THE 5TH |
|
Kingsport Cherokees batting - Pitching for Blacksburg Tribe : RHP John Asbell
|
|
Batting: RHB David Rooker
|
0-0: Ball 1-0: Ball 2-0: Foul Ball, location: 2F 2-1: Foul Ball, location: 2F 2-2: Ball 3-2: Foul Ball, location: 2F 3-2: Ground out 4-3 (Groundball, 4, EV 80.0 MPH)
|
|
Batting: RHB Kenneth Grant
|
0-0: Ball 1-0: Ball 2-0: Swinging Strike 2-1: Foul Ball, location: 2F 2-2: Ball 3-2: Strikes out swinging
|
|
Batting: RHB Juan Castillo
|
0-0: Ground out 4-3 (Groundball, 4S, EV 88.8 MPH)
|
| Top of the 5th over - 0 runs, 0 hits, 0 errors, 0 left on base; Kingsport 0 - Blacksburg 3 |
| BOTTOM OF THE 5TH |
|
Blacksburg Tribe batting - Pitching for Kingsport Cherokees : RHP Jimmy Jones
|
|
Batting: LHB George Cecchetti
|
0-0: Fly out, F8 (Flyball, 89M, EV 90.0 MPH)
|
|
Batting: RHB Alwin Creel
|
0-0: Ball 1-0: Called Strike 1-1: Swinging Strike 1-2: Ball 2-2: Foul Ball, location: 2F 2-2: Strikes out swinging
|
|
Batting: RHB Omar Mora
|
0-0: Ball 1-0: Ball 2-0: Ball 3-0: Swinging Strike 3-1: Called Strike 3-2: Base on Balls
|
|
Batting: LHB Jose Infante
|
0-0: Fly out, F7 (Flyball, 7, EV 90.6 MPH)
|
| Bottom of the 5th over - 0 runs, 0 hits, 0 errors, 1 left on base; Kingsport 0 - Blacksburg 3 |
| TOP OF THE 6TH |
|
Kingsport Cherokees batting - Pitching for Blacksburg Tribe : RHP John Asbell
|
|
Batting: RHB Jose Sanchez
|
0-0: Called Strike 0-1: Ball 1-1: Ball 2-1: Swinging Strike 2-2: Foul Ball, location: 2F 2-2: Strikes out swinging
|
|
Batting: SHB Renard Brown
|
0-0: Called Strike 0-1: Ball 1-1: Swinging Strike 1-2: Ground out 6-3 (Groundball, 6, EV 87.5 MPH)
|
|
Batting: SHB Dewey James
|
0-0: Ball 1-0: Called Strike 1-1: Called Strike 1-2: Strikes out swinging
|
| Top of the 6th over - 0 runs, 0 hits, 0 errors, 0 left on base; Kingsport 0 - Blacksburg 3 |
| BOTTOM OF THE 6TH |
|
Blacksburg Tribe batting - Pitching for Kingsport Cherokees : RHP Jimmy Jones
|
|
Batting: SHB Gary Miller-Jones
|
0-0: Called Strike 0-1: Swinging Strike 0-2: Ball 1-2: Strikes out swinging
|
|
Batting: RHB Michael Lanum
|
0-0: Ball 1-0: Foul Ball, location: 2F 1-1: Foul Ball, location: 2F 1-2: Strikes out swinging
|
|
Batting: RHB Angel Rodriguez
|
0-0: Called Strike 0-1: Ball 1-1: Ground out 5-3 (Groundball, 56, EV 105.0 MPH)
|
| Bottom of the 6th over - 0 runs, 0 hits, 0 errors, 0 left on base; Kingsport 0 - Blacksburg 3 |
| TOP OF THE 7TH |
|
Kingsport Cherokees batting - Pitching for Blacksburg Tribe : RHP John Asbell
|
|
Batting: LHB Peter Camelo
|
0-0: Foul Ball, location: 2F 0-1: Ball 1-1: Fly out, F7 (Flyball, 7, EV 86.9 MPH)
|
|
Batting: RHB Phillip Collins
|
0-0: Foul Ball, location: 2F 0-1: Ball 1-1: Ball 2-1: Ground out 4-3 (Groundball, 4, EV 92.5 MPH)
|
|
Batting: RHB Thomas Mohl
|
0-0: Called Strike 0-1: Ball 1-1: Swinging Strike 1-2: Ball 2-2: Hit by Pitch
|
|
Batting: RHB David Rooker
|
0-0: Called Strike 0-1: Called Strike 0-2: Fly out, F6 (Popup, 6MS, EV 80.0 MPH)
|
| Top of the 7th over - 0 runs, 0 hits, 0 errors, 1 left on base; Kingsport 0 - Blacksburg 3 |
| BOTTOM OF THE 7TH |
|
Blacksburg Tribe batting - Pitching for Kingsport Cherokees : RHP Jimmy Jones
|
|
Batting: RHB Jesus Alcala
|
0-0: Ball 1-0: Foul Ball, location: 2F 1-1: Ground out 6-3 (Groundball, 6S, EV 61.3 MPH)
|
|
Batting: LHB Butch Kirby
|
0-0: Ball 1-0: Ground out 5-3 (Groundball, 56, EV 102.5 MPH)
|
|
Batting: LHB George Cecchetti
|
0-0: Ball 1-0: Ball 2-0: Ball 3-0: Base on Balls
|
|
Batting: RHB Alwin Creel
|
0-0: Ball George Cecchetti is caught stealing 2nd base 2-4
|
| Bottom of the 7th over - 0 runs, 0 hits, 0 errors, 0 left on base; Kingsport 0 - Blacksburg 3 |
| TOP OF THE 8TH |
|
Kingsport Cherokees batting - Pitching for Blacksburg Tribe : RHP John Asbell
|
|
Batting: RHB Kenneth Grant
|
0-0: Fly out, F6 (Popup, 4MD, EV 63.8 MPH)
|
|
Batting: RHB Juan Castillo
|
0-0: Called Strike 0-1: Called Strike 0-2: Strikes out swinging, 2-3 out at first.
|
|
Batting: RHB Jose Sanchez
|
0-0: Fly out, F2 (Popup, 23F, EV 82.5 MPH)
|
| Top of the 8th over - 0 runs, 0 hits, 0 errors, 0 left on base; Kingsport 0 - Blacksburg 3 |
| BOTTOM OF THE 8TH |
|
Blacksburg Tribe batting - Pitching for Kingsport Cherokees : RHP Jimmy Jones
|
|
Batting: RHB Alwin Creel
|
0-0: Called Strike 0-1: Ball 1-1: Foul Ball, location: 2F 1-2: Ball 2-2: Ball 3-2: Strikes out swinging
|
|
Batting: RHB Omar Mora
|
0-0: Ball 1-0: Ball 2-0: Called Strike 2-1: Swinging Strike 2-2: Strikes out swinging
|
|
Batting: LHB Jose Infante
|
0-0: Ball 1-0: DOUBLE (Line Drive, 89D, EV 110.6 MPH) - OUT at third base trying to stretch hit.
|
| Bottom of the 8th over - 0 runs, 1 hit, 0 errors, 0 left on base; Kingsport 0 - Blacksburg 3 |
| TOP OF THE 9TH |
|
Kingsport Cherokees batting - Pitching for Blacksburg Tribe : RHP John Asbell
|
|
Batting: SHB Renard Brown
|
0-0: Ball 1-0: Swinging Strike 1-1: Ball 2-1: Ball 3-1: Foul Ball, location: 2F 3-2: Base on Balls
|
|
Batting: SHB Dewey James
|
0-0: Ball 1-0: Reached on error, E4 (Groundball, 34, EV 107.5 MPH) Renard Brown to third
|
|
Batting: LHB Peter Camelo
|
0-0: Ball 1-0: Swinging Strike 1-1: Swinging Strike 1-2: Ball 2-2: Foul Ball, location: 2F 2-2: Strikes out looking
|
|
Batting: RHB Phillip Collins
|
0-0: Ball 1-0: Ground out U3 (Groundball, 34S, EV 67.5 MPH) Renard Brown scores Dewey James to third
|
|
Pitching: RHP Ray Soff
|
|
|
Batting: RHB Thomas Mohl
|
0-0: Called Strike 0-1: Ball 1-1: Foul Ball, location: 2F 1-2: Foul Ball, location: 2F 1-2: Strikes out looking
|
| Top of the 9th over - 1 run, 0 hits, 1 error, 1 left on base; Kingsport 1 - Blacksburg 3 |
|